 Dungeon Crawl Stone Soup version 0.30.1-3-gfc49f6343a (webtiles) character file.

Game seed: 11484263193457625647

61 H0rd4k the Charlatan (level 4, -1/28 HPs)
             Began as an Octopode Artificer on July 31, 2023.
             Slain by a hobgoblin
             ... wielding a +0 flail
              (10 damage)
             ... on level 2 of the Dungeon.
             The game lasted 00:00:57 (1339 turns).

H0rd4k the Charlatan (Octopode Artificer)           Turns: 1339, Time: 00:00:58

Health: -1/28      AC:  1    Str: 11    XL:     4   Next: 7%
Magic:  4/4        EV: 13    Int: 15    God:
Gold:   53         SH:  0    Dex: 12    Spells: 3/3 levels left

rFire   . .          .
                       - Unarmed
rCold   . . .        (no shield)
rNeg    . . .        (helmet restricted)
rPois   .            (no amulet)
rElec   .            (no ring)
rCorr   .            (no ring)
SInv    .            (no ring)
Will    .....        (no ring)
Stlth   +++          (no ring)
HPRegen 0.24/turn    (no ring)
MPRegen 0.09/turn    (no ring)
                     (no ring)

%: no passive effects
@: no status effects
A: almost no armour, amphibious, 8 rings, camouflage 1, gelatinous body 1,
(nimble swimmer 1), tentacles
a: no special abilities


You were on level 2 of the Dungeon.
You visited 1 branch of the dungeon, and saw 2 of its levels.

You collected 53 gold pieces.

Inventory:

Jewellery
 h - a +4 ring of protection
 k - a ring of resist corrosion
Wands
 b - a wand of flame (13) (quivered)
 c - a wand of charming (15)
 d - a wand of iceblast (4)
Scrolls
 g - a scroll of fear {unknown}
 i - a scroll of poison {unknown}
 l - a scroll of identify {unknown}
 m - 2 scrolls of immolation {unknown}
Potions
 a - a potion of ambrosia {unknown}
 e - 2 potions of haste {unknown}
 f - a potion of brilliance {unknown}
 j - a potion of berserk rage {unknown}


   Skills:
 + Level 1.5 Fighting
 + Level 3.0 Dodging
 + Level 1.9 Stealth
 + Level 1.0 Unarmed Combat
 + Level 4.2 Evocations


You had 3 spell levels left.
You didn't know any spells.
Your spell library contained the following spells:

 Spells                   Type           Power      Damage    Failure   Level
 Volatile Blastmotes      Fire/Tloc      0%         2d10      63%         3
 Fulminant Prism          Conj/Hex       0%         3d5       95%         4
 Iskenderun's Mystic Bla  Conj/Tloc      0%         2d3       95%         4
 Lee's Rapid Deconstruct  Erth           0%         3d4*      100%        5


Dungeon Overview and Level Annotations

Branches:
Dungeon (2/15)

Altars:

Annotations:
D:2 Terence


Innate Abilities, Weirdness & Mutations

You cannot wear most types of armour.
You are amphibious.
You can wear up to eight rings at the same time.
Your skin changes colour to match your surroundings (Stealth+).
Your rubbery body absorbs attacks. (AC +1, EV +1)
((You are camouflaged when in or above water. (Stealth+)))
You have tentacles for arms and can constrict up to eight enemies at once.


Message History

You hear a bark!
The hobgoblin shoots a sling bullet.
The sling bullet hits you!
Your Dodging skill increases to level 3!
There are monsters nearby!
A bat comes into view.
Found 4 large rocks.
The hobgoblin unwields a +0 sling.
The hobgoblin wields a +0 flail.
The hobgoblin barely misses you.
You see here a +0 club.
There are monsters nearby!
You tentacle-slap the hobgoblin but do no damage.
You grab the hobgoblin. You constrict the hobgoblin.
The hobgoblin completely misses you. The hobgoblin hits you with a +0 flail.
You are too injured to fight recklessly!
There are monsters nearby!
You are too injured to fight recklessly!
There are monsters nearby!
There are monsters nearby!
You are too injured to fight recklessly!
You are too injured to fight recklessly!
You release your grip on the hobgoblin.
The hobgoblin attacks as you move away! The hobgoblin completely misses you.
A jackal comes into view.
The jackal barks!
You tentacle-slap the hobgoblin. You grab the hobgoblin.
The hobgoblin is lightly wounded.
You constrict the hobgoblin. The hobgoblin completely misses you.
You tentacle-slap the hobgoblin but do no damage.
The hobgoblin is heavily wounded.
You constrict the hobgoblin. The hobgoblin closely misses you.
You tentacle-slap the hobgoblin.
You kill the hobgoblin!
The bat barely misses you.
The hobgoblin unwields a +0 flail.
The hobgoblin wields a +0 sling.
The hobgoblin shoots a sling bullet.
The sling bullet hits you.
Your Unarmed Combat skill increases to level 1!
Terence and 2 jackals come into view.
The bat hits you. The bat closely misses you.
The hobgoblin unwields a +0 sling.
The hobgoblin wields a +0 flail.
The hobgoblin hits you with a +0 flail!
You die...

#.............
#####).#####.
#####...##
.........##
.#######..##
##..# ##.# #.#
#@# #gb(.....
#..h#....
...... ..
###.... ......
....hh #...@.


You could see Terence, 3 jackals, a hobgoblin and a bat.

Vanquished Creatures
  A gnoll (D:1)
  2 adders (D:2)
  2 endoplasms
  A giant cockroach (D:2)
  5 goblins
  4 hobgoblins
  3 quokkas (D:1)
  A ball python (D:1)
  4 bats
  4 frilled lizards
  4 kobolds
  A rat (D:2)
32 creatures vanquished.

Notes
Turn   | Place    | Note
-------+----------+-------------------------------------------
     0 | D:1      | H0rd4k the Octopode Artificer began the quest for the Orb.
     0 | D:1      | Reached XP level 1. HP: 13/13 MP: 1/1
   186 | D:1      | Reached XP level 2. HP: 9/18 MP: 2/2
   298 | D:1      | Reached skill level 4 in Evocations
   681 | D:1      | Reached XP level 3. HP: 22/22 MP: 3/3
  1249 | D:2      | Reached XP level 4. HP: 20/28 MP: 4/4
  1339 | D:2      | Reached skill level 1 in Unarmed Combat
  1339 | D:2      | Noticed Terence
  1339 | D:2      | Slain by a hobgoblin

Illustrated notes

Levels and vault maps discovered:
D:1:      sevenhm_arrival_forest_fort_large_4, layout_basic, st_stairs_10,
          corexii_item_surrounded_by_moat
D:2:      layout_rooms, uniq_crazy_yiuf_cottage, uniq_terence

Skill      XL: |  1  2  3  4 |
---------------+-------------+-----
Evocations     | 4 |  4.2
Dodging        | 3 |  3.0
Unarmed Combat | 1 |  1.0
Fighting       | |  1.5
Stealth        | |  1.9

Action                     |  1- 3 |  4- 6 || total
---------------------------+-------+-------++-------
  Melee: Unarmed           |    80 |    11 ||    91
         Constrict         |    19 |     5 ||    24
         Tentacles         |    13 |     3 ||    16
  Evoke: Wand              |     3 |       ||     3
   Stab: Sleeping          |     5 |       ||     5
 Armour: Skin              |    16 |       ||    16
  Dodge: Dodged            |    65 |    13 ||    78
